 Dungeon Crawl Stone Soup version 0.29.1-14-g9c671dbff4 (webtiles) character file.

Game seed: 42124658230669581

2 zeram the Caller (level 1, -1/10 HPs)
             Began as a Deep Elf Summoner on Feb 19, 2023.
             Slain by a quokka (3 damage)
             ... on level 1 of the Dungeon.
             The game lasted 00:00:23 (220 turns).

zeram the Caller (Deep Elf Summoner)                 Turns: 220, Time: 00:00:24

Health: -1/10      AC:  2    Str:  5    XL:     1   Next: 33%
Magic:  4/6        EV: 12    Int: 19    God:
Gold:   0          SH:  0    Dex: 15    Spells: 5/6 levels left

rFire   . . .      SeeInvis .   (no weapon)
rCold   . . .      Faith    .   (no shield)
rNeg    . . .      Spirit   .   a - +0 robe
rPois   .          Reflect  .   (no helmet)
rElec   .          Harm     .   (no cloak)
rCorr   .          Rampage  .   (no gloves)
Will    .....                   (no boots)
Stlth   ++........              (no amulet)
HPRegen 0.03/turn               (no ring)
MPRegen 0.10/turn               (no ring)

@: no status effects
A: no striking features
a: no special abilities


You were on level 1 of the Dungeon.
You visited 1 branch of the dungeon, and saw 1 of its levels.

Inventory:

Armour
 a - a +0 robe (worn)
Potions
 b - a potion of magic


   Skills:
 + Level 2.4 Dodging
 + Level 2.4 Stealth
 + Level 3.0 Spellcasting
 + Level 4.5 Summonings


You had 5 spell levels left.
You knew the following spells:

 Your Spells              Type           Power      Damage    Failure   Level
a - Summon Small Mammal   Summ           80%        N/A       2%          1

Your spell library contained the following spells:

 Spells                   Type           Power      Damage    Failure   Level
 Call Imp                 Summ           20%        N/A       3%          2
 Call Canine Familiar     Summ           20%        N/A       7%          3
 Summon Guardian Golem    Hex/Summ       11%        N/A       19%         3
 Summon Lightning Spire   Summ/Air       11%        N/A       52%         4


Dungeon Overview and Level Annotations

Branches:
Dungeon (1/15)

Altars:


Message History

You hit the quokka.
The quokka is moderately wounded.
The bat hits you. The bat closely misses you.
Your quokka misses the bat. The quokka bites you.
You hit the quokka but do no damage.
The quokka is moderately wounded.
The bat hits you but does no damage. x2; Your quokka barely misses the bat.
The quokka barely misses you.
You closely miss the quokka.
The quokka is moderately wounded.
The bat closely misses you.
Your quokka barely misses the bat.
The quokka closely misses you.
Your quokka bites the ball python.
The ball python dies!
You hit the quokka but do no damage.
The quokka is moderately wounded.
The bat barely misses your quokka. The quokka barely misses you.
The quokka bites you but does no damage.
Casting: Summon Small Mammal (safe; 2% risk of failure)
Confirm with . or Enter, or press ? or * to list all spells.
The bat closely misses your quokka.
The bat hits your quokka but does no damage.
Your quokka closely misses the quokka.
The quokka closely misses you.
You barely miss the quokka.
The quokka is moderately wounded.
Your quokka barely misses the quokka.
The quokka bites you.
Your quokka barely misses the bat.
The bat misses your quokka.
Unknown command.
You hit the quokka.
The quokka is heavily wounded.
The bat closely misses your quokka.
Your quokka closely misses the quokka.
The quokka bites you.
* * * LOW HITPOINT WARNING * * *
Unknown command.
Your quokka closely misses the quokka.
The bat hits your quokka but does no damage. x2
Your quokka barely misses the bat.
Something hits your quokka but does no damage.
Something closely misses your quokka.
Your quokka bites the quokka.
Something barely misses your quokka. The quokka bites you.
You die...

... ## ...... .... #.
#....>..# #...##.
#.......#
#......##.......#
#.)..#.......
#...#.#....
##.br..##.#######
#...#r....#.....##
#...#r@...รท.......##
....................#
##.#................
# #.......$#.#.#.#.
.........#.#.#.#..
...........#.#.#.#.
...#.#....(#.#<#.#.#
............#.#.#.##
......##.# #.#.


You could see a quokka (ally target) and 2 friendly quokkas.

Vanquished Creatures (collateral kills)
  2 ball pythons (D:1)
  A rat (D:1)
3 creatures vanquished.

Notes
Turn   | Place    | Note
-------+----------+-------------------------------------------
     0 | D:1      | zeram the Deep Elf Summoner began the quest for the Orb.
     0 | D:1      | Reached XP level 1. HP: 10/10 MP: 6/6
   220 | D:1      | Slain by a quokka

Illustrated notes

Levels and vault maps discovered:
D:1:      lightli_arrival_chessboard, layout_rooms, kennysheep_nondescript

Action                   || total
-------------------------++-------
Melee: Unarmed           ||    16
 Cast: Summon Small Mamm ||     5
Armor: Robe              ||     6
Dodge: Dodged            ||    19
